 Dungeon Crawl Stone Soup version 0.27.1-1-g398f81649c (webtiles) character file.

Game seed: 7509169523105708000

515 Borgoz the Slasher (level 7, -7/66 HPs)
             Began as a Gargoyle Berserker on Sept 21, 2021.
             Was a Priest of Trog.
             Mangled by an orc warrior (11 damage)
             ... on level 5 of the Dungeon.
             The game lasted 00:04:14 (5077 turns).

Borgoz the Slasher (Gargoyle Berserker)             Turns: 5077, Time: 00:04:15

Health: -7/66      AC: 18    Str: 21    XL:     7   Next: 20%
Magic:  7/7        EV:  8    Int:  7    God:    Trog [***...]
Gold:   327        SH:  5    Dex: 11    Spells: 6/6 levels left

rFire    . . .     SeeInvis .   a - +0 falchion
rCold    . . .     Faith    .   (no shield)
rNeg     + . .     Spirit   .   i - +1 chain mail {Will+}
rPois    ∞         Reflect  +   r - +1 helmet
rElec    +         Harm     .   o - +0 cloak
rCorr    .         Rampage  .   (no gloves)
Will     +....                  (no boots)
Stlth    ..........             j - amulet of reflection
HPRegen  0.21/turn              (no ring)
MPRegen  0.10/turn              (no ring)

@: berserking, very quick
A: sickness immunity, AC +4, negative energy resistance 1, electricity
resistance, torment resistance 1, petrification resistance
a: Renounce Religion, Berserk, Trog's Hand


You were on level 5 of the Dungeon.
You worshipped Trog.
Trog was most pleased with you.
You visited 1 branch of the dungeon, and saw 5 of its levels.

You collected 327 gold pieces.

Inventory:

Hand Weapons
 a - a +0 falchion (weapon)
Armour
 i - a +1 chain mail of willpower (worn)
 o - a +0 cloak (worn)
 r - a +1 helmet (worn)
 t - the +2 robe of Insecurity {rC+}
   (You found it on level 5 of the Dungeon)

   rC:        It protects you from cold.
Jewellery
 j - an amulet of reflection (around neck)
Wands
 s - a wand of mindburst (7)
Scrolls
 d - a scroll of fog {unknown}
 e - a scroll of fear {unknown}
 h - a scroll of vulnerability {unknown}
 k - 2 scrolls of teleportation {unknown}
 l - a scroll of summoning {unknown}
 m - 2 scrolls of amnesia {unknown}
 u - a scroll of holy word {unknown}
Potions
 b - a potion of mutation {unknown}
 c - a potion of flight {unknown}
 f - a potion of curing
 g - a potion of berserk rage {unknown}
 n - a potion of magic {unknown}
 p - a potion of might {unknown}
 q - a potion of heal wounds {unknown}


   Skills:
 + Level 4.8 Fighting
 * Level 5.1 Long Blades
 + Level 4.1 Armour
 + Level 3.1 Dodging


You had 6 spell levels left.
You didn't know any spells.
Your spell library was empty.

Dungeon Overview and Level Annotations

Branches:
Dungeon (5/15)
 Temple: D:4-7

Altars:
Dithmenos

Shops:
D:2 =


Innate Abilities, Weirdness & Mutations

You are immune to sickness and miasma.
Your stone body is resilient. (AC +4)
You are immune to poison.
You resist negative energy. (rN+)
You are resistant to electric shocks. (rElec)
You are resistant to unholy torment.
You are immune to petrification.


Message History

The orc warrior is lightly wounded.
The howler monkey hits you but does no damage.
You are too injured to fight recklessly!
You are too injured to fight recklessly!
You are too injured to fight recklessly!
A red film seems to cover your vision as you go berserk!
You feel yourself moving faster!
You feel mighty! The orc warrior barely misses you.
A scorpion comes into view.
The howler monkey hits you but does no damage.
You hit the orc warrior but do no damage.
The orc warrior is lightly wounded.
The orc warrior hits you with a +0 short sword!
You block the howler monkey's attack. The adder bites you but does no damage.
You closely miss the orc warrior.
The orc warrior is lightly wounded.
The adder bites you but does no damage. You block the orc warrior's attack.
The howler monkey barely misses you.
You slash the orc warrior!
The orc warrior is heavily wounded.
The adder barely misses you.
You hit the orc warrior.
The orc warrior is severely wounded.
The howler monkey hits you but does no damage.
The orc warrior hits you with a +0 short sword.
* * * LOW HITPOINT WARNING * * *
You slash the orc warrior!
The orc warrior is almost dead.
The adder bites you.
* * * LOW HITPOINT WARNING * * *
The howler monkey hits you.
* * * LOW HITPOINT WARNING * * *
The orc warrior hits you with a +0 short sword!
* * * LOW HITPOINT WARNING * * *
You barely miss the orc warrior.
The orc warrior is almost dead.
The adder bites you but does no damage.
The howler monkey hits you but does no damage.
The orc warrior hits you with a +0 short sword!
You die...

#####..........
....#...)...... .#
....#..<....... .# #.
....#.......... .. #:#
....#.......... .# #.#
#...#.......... .#..#
#...#.....#######.#.#
....#.....#....#S..##
....#.....#....#@o..#.#
....#.....#....#.h...##
....#.....#....s......#
....#.....#....#.......#
....#.....#....#........
....#.....#...###..###..
#####.....#...## ..# .
..........#....# >..
..........#....# ....


You could see an orc warrior, a scorpion, a howler monkey and an adder.

Vanquished Creatures
  A necrophage (D:4)
  A phantom (D:4)
  A bullfrog skeleton (D:5)
  A centaur zombie (D:5)
  A gnoll shaman (D:4)
  A centaur skeleton (D:4)
  2 iguanas
  4 gnolls
  3 adders
  2 white imps (D:5)
  A worm (D:2)
  4 dart slugs
  6 orcs (D:3)
  2 ball pythons
  6 bats
  7 endoplasms
  5 giant cockroaches
  7 goblins
  8 hobgoblins
  3 jackals (D:1)
  11 kobolds
  5 quokkas
  A frilled lizard (D:2)
  8 rats
91 creatures vanquished.

Notes
Turn   | Place    | Note
-------+----------+-------------------------------------------
     0 | D:1      | Borgoz the Gargoyle Berserker began the quest for the Orb.
     0 | D:1      | Reached XP level 1. HP: 14/14 MP: 1/1
    60 | D:1      | Reached skill level 3 in Long Blades
    60 | D:1      | Reached XP level 2. HP: 2/19 MP: 2/2
   397 | D:1      | Reached XP level 3. HP: 23/23 MP: 3/3
   436 | D:1      | Reached ** piety under Trog
  1405 | D:2      | Found Raprulos's Jewellery Emporium.
  1502 | D:2      | Reached XP level 4. HP: 21/29 MP: 4/4
  2614 | D:3      | Found a faded altar of an unknown god.
  2648 | D:3      | Found a shadowy altar of Dithmenos.
  3161 | D:3      | Reached XP level 5. HP: 29/33 MP: 5/5
  3570 | D:3      | Reached skill level 4 in Long Blades
  3898 | D:4      | Noticed a necrophage
  3904 | D:4      | Killed a necrophage
  3905 | D:4      | Reached XP level 6. HP: 39/39 MP: 6/6
  4512 | D:5      | Entered Level 5 of the Dungeon
  4682 | D:5      | Reached XP level 7. HP: 44/44 MP: 7/7
  4729 | D:5      | Reached *** piety under Trog
  4744 | D:5      | Identified the +2 robe of Insecurity {rC+}
  4792 | D:5      | Reached skill level 5 in Long Blades
  5077 | D:5      | Mangled by an orc warrior

Illustrated notes

Levels and vault maps discovered:
D:1:      lemuel_arrival_rhombus, layout_loops_ring
D:2:      layout_loops_ring, serial_shops, shop_coins
D:3:      layout_loops_ring, mainiacjoe_overflow_alcove_1,
          shapermc_ecumenical_altar_starsandcircs
D:4:      layout_basic
D:5:      layout_gridville, chequers_serial_rivers_large_a, minmay_manual_mail

Skill      XL: |  1  2  3  4  5  6  7 |
---------------+----------------------+-----
Long Blades    | 3 4 5 |  5.1
Dodging        | 2 3 |  3.1
Armour         | 3 4 |  4.1
Fighting       | 4 |  4.8

Action                   |  1- 3 |  4- 6 |  7- 9 || total
-------------------------+-------+-------+-------++-------
Melee: Falchion          |   110 |   212 |    73 ||   395
Invok: Berserk           |     1 |     4 |     1 ||     6
       Trog's Hand       |       |     2 |       ||     2
  Use: Scroll            |       |     3 |       ||     3
Armor: Ring mail         |    52 |    31 |       ||    83
       Chain mail        |       |    84 |    43 ||   127
Dodge: Dodged            |    61 |    95 |    32 ||   188
Block: Other             |       |     9 |    14 ||    23
       Rpst.: Falchion   |    18 |    30 |     9 ||    57
